AoeStats
← BEagLe

Nomad

504822562Analyzed
3v3 RM · 25d ago on Sep 6, 2026· 40m 50s· 6 players
Game mode
Random Map
Map size
210×210
Population
200
Speed
Normal
Resources
Standard
Victory
Conquest
Starting age
Dark Age
Ending age
Imperial Age
RankedLock teamsTeams togetherTeam positionsShared explorationLock speedFull tech treeHidden civsTurbo modeCheats
Victory
Defeat
🇹🇷 Burgundians · Türkiye
1358
+16
🇹🇷 Japanese · Türkiye
1354
+16
🇹🇷 Sicilians · Türkiye
1305
+18
🇨🇦 Poles · Canada
1427
-19
🇺🇸 Tatars · United States
1345
-16
🇺🇸 Vikings · United States
1313
-15
hasthagbt
7:28 Loom
11:01 Feudal Age
11:45 Double-Bit Axe
14:17 Fishing Lines
19:07 Wheelbarrow
20:24 Horse Collar
26:12 Castle Age
26:05 Bow Saw
26:50 Heavy Plow
28:58 Fletching
37:28 Scale Barding Armor
39:45 Guard Tower
39:57 Bodkin Arrow
41:06 Forging
mert3x
4:38 Loom
13:25 Feudal Age
16:30 Double-Bit Axe
21:52 Castle Age
24:36 Wheelbarrow
29:10 Forging
29:00 Scale Mail Armor
28:53 Man-at-Arms
29:56 Gambesons
29:58 Arson
30:14 Squires
29:35 Long Swordsman
35:56 Imperial Age
33:53 Chain Mail Armor
34:14 Iron Casting
36:08 Horse Collar
36:10 Two-Handed Swordsman
37:22 Plate Mail Armor
37:53 Blast Furnace
37:42 Champion
BEagLe
5:08 Loom
12:41 Feudal Age
18:16 Castle Age
16:39 Double-Bit Axe
17:08 Horse Collar
19:43 Wheelbarrow
23:49 Heavy Plow
28:00 Bow Saw
32:46 Imperial Age
30:59 Gold Mining
31:18 Scale Barding Armor
31:24 Forging
31:42 Husbandry
34:08 Bloodlines
35:11 Chain Barding Armor
35:27 Iron Casting
34:23 Cavalier
38:33 Hauberk
40:33 Blast Furnace
40:10 Plate Barding Armor
39:35 Scale Mail Armor
Eden
13:40 Feudal Age
19:27 Castle Age
17:49 Double-Bit Axe
18:50 Fishing Lines
22:17 Bow Saw
22:18 Gillnets
22:37 Loom
22:41 Horse Collar
24:07 Szlachta Privileges
25:18 Demolition Ship
25:27 Demolition Ship
27:19 Scale Barding Armor
30:27 Husbandry
30:34 Fletching
31:28 Forging
31:59 Bodkin Arrow
33:48 Wheelbarrow
33:29 Guard Tower
34:17 Chain Barding Armor
34:34 Heavy Plow
35:16 Iron Casting
38:48 Imperial Age
37:12 Bloodlines
37:37 Hand Cart
39:06 Gold Mining
39:44 Bloodlines
40:55 Chemistry
39:37 Cavalier
41:47 Blast Furnace
Rameranic
5:51 Loom
14:43 Feudal Age
18:13 Castle Age
17:05 Fletching
18:54 Bodkin Arrow
20:56 Double-Bit Axe
22:46 Bow Saw
25:04 Clinker Construction
25:15 Ballistics
26:35 Horse Collar
28:57 Heavy Plow
36:27 Scale Mail Armor
36:37 Forging
39:21 Imperial Age
37:28 Chain Mail Armor
38:58 Iron Casting
38:29 Squires
39:40 Padded Archer Armor
39:44 Chieftains
Jon
3:35 Loom
12:13 Feudal Age
16:27 Double-Bit Axe
21:49 Fletching
27:41 Castle Age
28:01 Castle Age
25:45 Horse Collar
29:47 Bodkin Arrow
35:19 Padded Archer Armor
40:50 Leather Archer Armor
Connection lost

Rejoining the realm…

Still unreachable

The connection could not be restored.

Session expired

The server has moved on; the page needs a fresh start.